 Dungeon Crawl Stone Soup version 0.30.1-9-gdf580d7c3d (webtiles) character file.

Game seed: 9009588246708090355

3973 Dillybarz the Cleaver (level 10, -1/90 HPs)
             Began as a Minotaur Fighter on Oct 17, 2023.
             Was an Initiate of Okawaru.
             Slain by a red ugly thing (18 damage)
             ... on level 8 of the Dungeon.
             The game lasted 00:26:19 (5865 turns).

Dillybarz the Cleaver (Minotaur Fighter)            Turns: 5865, Time: 00:26:19

Health: -1/90      AC: 17    Str: 30    XL:     10   Next: 2%
Magic:  9/9        EV:  7    Int:  5    God:    Okawaru [......]
Gold:   423        SH:  7    Dex: 11    Spells: 9/9 levels left

rFire   . . .        I - +0 broad axe (pain)
rCold   . . .        c - +1 buckler
rNeg    . . .        z - +0 plate armour
rPois   .            F - +1 hat
rElec   .            (no cloak)
rCorr   .            s - +1 pair of gloves
SInv    .            (no boots)
Will    .....        g - amulet of regeneration Stlth
                     l - +6 ring of strength
HPRegen 1.15/turn    (no ring)
MPRegen 0.11/turn

%: no passive effects
@: no status effects
A: horns 2, retaliatory headbutt
a: Renounce Religion


You were on level 8 of the Dungeon.
You worshipped Okawaru.
Okawaru was noncommittal.
You visited 2 branches of the dungeon, and saw 9 of its levels.
You also visited: Ossuary.

You collected 423 gold pieces.

Inventory:

Hand Weapons
 a - a +0 war axe
 I - a +0 broad axe of pain (weapon)
Missiles
 h - 4 datura-tipped darts
 n - 73 stones
 q - 23 poisoned darts
 u - 6 throwing nets
 w - 4 boomerangs
 D - 2 boomerangs of dispersal
Armour
 c - a +1 buckler (worn)
 s - a +1 pair of gloves (worn)
 z - a +0 plate armour (worn)
 F - a +1 hat (worn)
Jewellery
 g - an amulet of regeneration (around neck)
 l - a +6 ring of strength (left hand)
Wands
 b - a wand of roots (11)
 p - a wand of light (8)
 t - a wand of flame (16) (quivered)
Scrolls
 r - 6 scrolls of teleportation
 y - a scroll of fear
 E - 2 scrolls of blinking
Potions
 d - 3 potions of might
 e - 3 potions of mutation
 f - a potion of cancellation
 i - a potion of attraction
 j - 2 potions of haste
 m - a potion of experience
 o - 2 potions of berserk rage {unknown}
 v - 2 potions of lignification {unknown}
 x - 10 potions of curing
 A - a potion of resistance {unknown}
 B - 2 potions of flight {unknown}
 C - a potion of magic {unknown}
 H - 3 potions of invisibility {unknown}
 J - 2 potions of heal wounds {unknown}


   Skills:
 + Level 8.6 Fighting
 * Level 11.2 Axes
 + Level 8.6 Armour
 + Level 8.5 Shields


You had 9 spell levels left.
You didn't know any spells.
Your spell library contained the following spells:

 Spells                   Type           Power      Damage    Failure   Level
 Vhi's Electric Charge    Tloc/Air       0%         N/A       100%        3
 Arcjolt                  Conj/Air       0%         1d10      100%        5
 Plasma Beam              Fire/Air       0%         2x1d11    100%        6


Dungeon Overview and Level Annotations

Branches:
Dungeon (8/15)             Temple (1/1) D:7         Ossuary (visited)
   Lair: D:8-11

Altars:
Ashenzari
Dithmenos
Fedhas
Okawaru
Vehumet
Wu Jian
Yredelemnul

Shops:
D:6 (

Annotations:
D:3 Wand of digging


Innate Abilities, Weirdness & Mutations

You have a pair of horns on your head.
You reflexively headbutt those who attack you in melee.


Message History

Aim: an electric eel (48% to hit)
Okawaru accepts your kill.
You hear a splash.
You feel a bit more experienced.
A red ugly thing comes into view.
The red ugly thing gurgles horribly!
You hit the red ugly thing but do no damage.
The red ugly thing barely misses you.
The red ugly thing kicks you but does no damage.
You hit the red ugly thing.
Your headbutt misses the red ugly thing.
The red ugly thing is lightly wounded.
The red ugly thing kicks you but does no damage.
You barely miss the red ugly thing.
The red ugly thing is lightly wounded.
The red ugly thing kicks you but does no damage.
You barely miss the red ugly thing. The red ugly thing kicks you.
You are engulfed in flames!!
You hit the red ugly thing.
The red ugly thing is lightly wounded.
The red ugly thing kicks you but does no damage.
You hit the red ugly thing but do no damage.
Your headbutt misses the red ugly thing.
The red ugly thing kicks you but does no damage.
You hit the red ugly thing.
The red ugly thing is lightly wounded.
The red ugly thing kicks you.
You are engulfed in flames!!
You barely miss the red ugly thing. You headbutt the red ugly thing.
The red ugly thing is lightly wounded.
The red ugly thing kicks you.
You are engulfed in flames!!
* * * LOW HITPOINT WARNING * * *
You closely miss the red ugly thing.
The red ugly thing is lightly wounded.
You block the red ugly thing's attack.
You closely miss the red ugly thing.
The red ugly thing is lightly wounded.
The red ugly thing kicks you.
* * * LOW HITPOINT WARNING * * *
You are engulfed in flames!!
You die...

...~~ ~.......#
..~♣~~♣~......# #.+
~~~~~~~~~~~~..+ # #.+
~~~~~~~~~~~~..+ # #.#
..$.~♣~~♣~......#
###.#
......~~†~.......#
....#
.......~~.u......#
###.#
.......~~.@.....#
###.#
#......~~......##
.##.####.....~~.....##
.......##..........##
.#####.###........##
.# #...####''#### .#
###.......# .#
######### .#


You could see a red ugly thing.

Vanquished Creatures
  A gargoyle (D:7)
  Maggie (D:7)
  Sigmund (D:3)
  2 steam dragons
  An orc warrior (D:6)
  2 sky beasts
  2 ice beasts (D:6)
  2 black bears (D:5)
  An ogre (D:6)
  A phantom (D:6)
  A kobold brigand (D:7)
  3 wyvern zombies (Ossuary)
  A bullfrog (D:7)
  4 scorpions
  2 water moccasin zombies (Ossuary)
  2 howler monkeys
  An electric eel (D:8)
  2 centaur zombies (Ossuary)
  3 hounds
  3 bullfrog zombies (Ossuary)
  3 jellies
  2 orc priests
  2 sleepcaps
  Natasha (thrice) (D:2)
  A gnoll bouda (D:5)
  An orc wizard (D:4)
  Terence (D:2)
  7 iguanas
  A killer bee zombie (Ossuary)
  15 mummies
  A howler monkey zombie (Ossuary)
  17 gnolls
  5 adders
  2 worms (D:3)
  2 dart slugs
  17 orcs
  5 ball pythons
  8 endoplasms
  A giant cockroach (D:2)
  6 goblins
  7 hobgoblins
  6 jackals
  13 kobolds
  3 quokkas
  3 bats
  11 frilled lizards
  A hobgoblin zombie (D:6)
  An orc zombie (D:6)
  3 rats
184 creatures vanquished.

Notes
Turn   | Place    | Note
-------+----------+-------------------------------------------
     0 | D:1      | Dillybarz the Minotaur Fighter began the quest for the Orb.
     0 | D:1      | Reached XP level 1. HP: 19/19 MP: 0/0
   104 | D:1      | Reached XP level 2. HP: 26/27 MP: 1/1
   259 | D:1      | Reached skill level 3 in Axes
   798 | D:2      | Noticed Natasha
   803 | D:2      | Killed Natasha
   804 | D:2      | Reached XP level 3. HP: 29/33 MP: 2/2
   850 | D:2      | Noticed Terence
   857 | D:2      | Killed Terence
   858 | D:2      | Reached XP level 4. HP: 37/40 MP: 3/3
  1087 | D:2      | Noticed Natasha
  1100 | D:2      | Killed Natasha
  1101 | D:2      | Reached skill level 4 in Axes
  1153 | D:2      | Noticed Natasha
  1155 | D:2      | Killed Natasha
  1180 | D:2      | Reached XP level 5. HP: 35/47 MP: 4/4
  1808 | D:3      | Noticed Sigmund
  1825 | D:3      | Killed Sigmund
  1826 | D:3      | Reached skill level 5 in Fighting
  1826 | D:3      | Reached skill level 5 in Axes
  1826 | D:3      | Reached skill level 5 in Armour
  1826 | D:3      | Reached skill level 5 in Shields
  1826 | D:3      | Reached XP level 6. HP: 52/56 MP: 5/5
  1909 | D:3      | Identified the +10 falchion of Hoxub {drain, MP+9}
  2675 | D:4      | Found a radiant altar of Vehumet.
  2675 | D:4      | Found a basalt altar of Yredelemnul.
  2752 | D:4      | Reached skill level 6 in Axes
  2752 | D:4      | Reached XP level 7. HP: 61/61 MP: 6/6
  2813 | D:4      | Found a shadowy altar of Dithmenos.
  3083 | D:5      | Entered Level 5 of the Dungeon
  3184 | D:5      | Found an ornate altar of the Wu Jian Council.
  3369 | D:5      | Reached skill level 7 in Axes
  3757 | D:5      | Reached XP level 8. HP: 70/70 MP: 7/7
  3858 | D:6      | Reached skill level 8 in Axes
  3961 | D:6      | Found a sand-covered staircase.
  3967 | Ossuary  | Entered an ossuary
  4058 | Ossuary  | Reached skill level 9 in Axes
  4102 | Ossuary  | Reached XP level 9. HP: 79/79 MP: 8/8
  4404 | D:6      | Found a transporter.
  4404 | D:6      | Found Enoes's Antique Weapon Boutique.
  4438 | D:6      | Found a transporter.
  4512 | D:6      | Reached skill level 10 in Axes
  5079 | D:7      | Noticed Maggie
  5088 | D:7      | Killed Maggie
  5127 | D:7      | Noticed a gargoyle
  5128 | D:7      | Found a staircase to the Ecumenical Temple.
  5133 | D:7      | Killed a gargoyle
  5134 | D:7      | Reached skill level 11 in Axes
  5156 | Temple   | Entered the Ecumenical Temple
  5175 | Temple   | Became a worshipper of Warmaster Okawaru
  5320 | D:7      | Found Nuiwuu's Distillery.
  5612 | D:8      | Reached XP level 10. HP: 82/90 MP: 9/9
  5852 | D:8      | Noticed a red ugly thing
  5865 | D:8      | Slain by a red ugly thing

Illustrated notes

Levels and vault maps discovered:
D:1:      moated_graveyard_arrival, layout_basic, minmay_lizard_pond
D:2:      layout_basic, uniq_natasha, uniq_terence
D:3:      layout_basic, due_unseen_surprise, uniq_sigmund
D:4:      layout_loops_cross, mainiacjoe_overflow_concentric_impassable,
          nicolae_overflow_two_pavilions
D:5:      layout_loops_ring, mainiacjoe_overflow_paths
D:6:      layout_basic, serial_shops, nicolae_shop_drivethru,
          serial_corexii_hall, corexii_hall_statues_l, corexii_hall_statues_t,
          corexii_hall_statues_s, chequers_hall_statues_y,
          nicolae_ossuary_entry_giza, moated_statue, st_stairs_11
D:7:      layout_rooms, minmay_temple_entry_stoned_glass, serial_shops, shop,
          minmay_microvault, uniq_maggie
D:8:      layout_basic, nicolae_concentric_dashed_squares_mild, glass_columns_b,
          kennysheep_cross_room, minmay_misc_feat_four_crosses
Temple:   nicolae_temple_slightly_damp_pantheon

Skill      XL: |  1  2  3  4  5  6  7  8  9 |
---------------+----------------------------+-----
Axes           | 3 4 5 6 7 9 11 | 11.2
Fighting       | 4 5 6 7 8 |  8.6
Armour         | 4 5 6 7 8 |  8.6
Shields        | 4 5 6 7 8 |  8.5

Action                     |  1- 3 |  4- 6 |  7- 9 | 10-12 || total
---------------------------+-------+-------+-------+-------++-------
  Melee: War axe           |    57 |   118 |   101 |       ||   276
         Headbutt          |     6 |    20 |    62 |     3 ||    91
         Hand axe          |       |       |   186 |       ||   186
         Broad axe         |       |       |    20 |    21 ||    41
  Throw: Dart              |       |     5 |     1 |       ||     6
  Evoke: Wand              |       |       |       |     1 ||     1
    Use: Scroll            |     5 |       |    14 |       ||    19
 Armour: Scale mail        |    20 |       |       |       ||    20
         Chain mail        |       |    36 |       |       ||    36
         Plate armour      |       |     6 |   144 |     9 ||   159
  Dodge: Dodged            |    19 |    36 |    67 |     4 ||   126
  Block: Buckler           |    14 |    36 |    60 |     3 ||   113
